 Dungeon Crawl Stone Soup version 0.28-a0-1415-g7c84da036a (webtiles) character file.

Game seed: 36816942798102384

84 southernslant the Poker (level 4, -1/38 HPs)
             Began as a Minotaur Gladiator on Jan 7, 2022.
             Slain by an orc wizard (3 damage)
             ... on level 2 of the Dungeon.
             The game lasted 00:03:44 (1356 turns).

southernslant the Poker (Minotaur Gladiator)        Turns: 1356, Time: 00:03:45

Health: -1/38      AC:  3    Str: 19    XL:     4   Next: 23%
Magic:  3/3        EV: 12    Int:  5    God:
Gold:   72         SH:  0    Dex: 13    Spells: 3/3 levels left

rFire   . . .      SeeInvis .   a - +0 trident
rCold   . . .      Faith    .   (no shield)
rNeg    . . .      Spirit   .   b - +0 leather armour
rPois   .          Reflect  .   c - +0 hat
rElec   .          Harm     .   (no cloak)
rCorr   .          Rampage  .   (no gloves)
Will    .....                   (no boots)
Stlth   +.........              (no amulet)
HPRegen 0.12/turn               (no ring)
MPRegen 0.08/turn               (no ring)

@: no status effects
A: horns 2, retaliatory headbutt
a: no special abilities


You were on level 2 of the Dungeon.
You visited 1 branch of the dungeon, and saw 2 of its levels.

You collected 72 gold pieces.

Inventory:

Hand Weapons
 a - a +0 trident (weapon)
Missiles
 d - 2 throwing nets (quivered)
 f - 18 stones
Armour
 b - a +0 leather armour (worn)
 c - a +0 hat (worn)
Scrolls
 e - 3 scrolls of identify {unknown}
 g - 3 scrolls of enchant armour {unknown}
 h - a scroll of vulnerability {unknown}


   Skills:
 * Level 3.5 Fighting
 + Level 4.0 Polearms
 + Level 2.3 Throwing
 * Level 2.3 Armour
 + Level 3.6 Dodging
 + Level 0.8 Stealth


You had 3 spell levels left.
You didn't know any spells.
Your spell library contained the following spells:

 Spells                   Type           Power      Damage    Failure   Level
 Foxfire                  Conj/Fire      0%         2x1d4     54%         1
 Blink                    Tloc           0%         N/A       67%         2
 Conjure Flame            Conj/Fire      0%         6-21      88%         3
 Inner Flame              Hex/Fire       0%         N/A       88%         3
 Lesser Beckoning         Tloc           0%         N/A       88%         3
 Flame Wave               Conj/Fire      0%         2d4       99%         4
 Manifold Assault         Tloc           0%         N/A       100%        5


Dungeon Overview and Level Annotations

Branches:
Dungeon (2/15)

Altars:

Shops:
D:2 *


Innate Abilities, Weirdness & Mutations

You have a pair of horns on your head.
You reflexively headbutt those who attack you in melee.


Message History

The orc wizard casts a spell.
The orc wizard flickers and vanishes!
Deactivating autopickup; reactivate with Ctrl-A.
Your Polearms skill increases to level 4!
You closely miss the giant cockroach.
You feel sick.
The orc wizard mumbles some strange words.
The orc wizard flickers and vanishes!
The giant cockroach completely misses you.
You furiously retaliate!
You headbutt the giant cockroach!
You kill the giant cockroach!
You aren't carrying any potions.
Throw: 3 throwing nets
Press: ? - help, Q - select action, (/) - cycle Shift-Dir - straight line You throw a throwing net.
Something gets caught in the net!
You feel sick.
Something wriggles in the net.
You hit something but do no damage.
You feel sick.
You are no longer poisoned.
Something wriggles in the net.
You hit something but do no damage.
Something wriggles in the net.
You puncture something! You headbutt something.
You hear some strange, mumbled words.
A puff of flame appears from out of thin air!
The puff of flame misses you.
Something wriggles in the net.
You barely miss something. You headbutt something! You hit something.
Reactivating autopickup.
You feel a bit more experienced.
You have reached level 4!
You feel stronger.
Deactivating autopickup; reactivate with Ctrl-A.
You closely miss something. Your headbutt misses something.
Something barely misses you.
You miss something. Something hits you.
* * * LOW HITPOINT WARNING * * *
You barely miss something. Something hits you.
* * * LOW HITPOINT WARNING * * *
You hit something but do no damage. Something hits you!
* * * LOW HITPOINT WARNING * * *
You closely miss something. Something hits you.
You die...

..# . ........ .## .#
..... .###.# ##..#
##...# #...# #..######
##.#.# ..###...# ##..#.#
....#...# #..#..#
........# #.##)##
........#####.##@###
........................
..#................#....
...................# ..
..###..#####....####
..#.............#
....#...........#
................#
.####.>.........####


There were no monsters in sight!

Vanquished Creatures
  An orc wizard (D:2)
  An adder (D:2)
  3 worms (D:2)
  3 dart slugs
  An orc (D:2)
  3 ball pythons
  2 endoplasms (D:1)
  A giant cockroach (D:2)
  2 goblins (D:2)
  3 hobgoblins
  2 jackals (D:1)
  3 kobolds
  3 quokkas
  A frilled lizard (D:1)
  6 rats
35 creatures vanquished.

Notes
Turn   | Place    | Note
-------+----------+-------------------------------------------
     0 | D:1      | southernslant the Minotaur Gladiator began the quest for
                  | the Orb.
     0 | D:1      | Reached XP level 1. HP: 18/18 MP: 0/0
    54 | D:1      | Reached XP level 2. HP: 18/25 MP: 1/1
    59 | D:1      | Reached skill level 1 in Armour
  1098 | D:2      | Reached XP level 3. HP: 31/31 MP: 2/2
  1139 | D:2      | Found a faded altar of an unknown god.
  1194 | D:2      | Found Xuunge's General Store.
  1345 | D:2      | Reached skill level 4 in Polearms
  1352 | D:2      | Reached XP level 4. HP: 13/38 MP: 3/3
  1356 | D:2      | Slain by an orc wizard

Illustrated notes

Levels and vault maps discovered:
D:1:      dpeg_arrival_brainrot, layout_basic, serial_bayou_crossing
D:2:      layout_rooms, hellmonk_ecumenical_altar_pennies_from_heaven,
          serial_shops, shop, kennysheep_generic_room_14,
          uniq_crazy_yiuf_cottage

Skill      XL: |  1  2  3 |
---------------+----------+-----
Armour         | 1 2 |  2.3
Fighting       | 3 |  3.5
Polearms       | 4 |  4.0
Throwing       | |  2.3
Dodging        | |  3.6
Stealth        | |  0.8

Action                   |  1- 3 |  4- 6 || total
-------------------------+-------+-------++-------
Melee: Trident           |    71 |     5 ||    76
       Headbutt          |    12 |       ||    12
       Punch             |     1 |       ||     1
Throw: Throwing net      |     1 |       ||     1
 Stab: Sleeping          |     2 |       ||     2
Armor: Leather armour    |    12 |       ||    12
Dodge: Dodged            |    28 |     1 ||    29

Table legend: (Time is in decaauts)
 A = Elapsed time spent in this place.
 B = Non-inter-level travel time spent in this place.
 C = Inter-level travel time spent in this place.
 D = Time resting spent in this place.
 E = Time spent auto-exploring this place.
 F = Levels seen in this place.
 G = Mean time per level.
                   A        B        C        D        E       F      G
               +--------+--------+--------+--------+--------+-----+--------+
         Total |   1374 |   1334 |     40 |      0 |    840 |   2 |  687.0 |
       Dungeon |   1374 |   1334 |     40 |      0 |    840 |   2 |  687.0 |
               +--------+--------+--------+--------+--------+-----+--------+

Top non-repeatable levels by time:
     D:1: 1080 daAuts
     D:2: 294 daAuts
